 Dungeon Crawl Stone Soup version 0.20.1-1-g8b1a95d (webtiles) character file.

24 tidbits the Insei (level 2, -1/22 HPs)
             Began as a Demigod Transmuter on Aug 23, 2017.
             Slain by an orc
             ... wielding a +0 mace
              (7 damage)
             ... on level 3 of the Dungeon.
             The game lasted 00:03:56 (418 turns).

tidbits the Insei (Demigod Transmuter)               Turns: 418, Time: 00:03:57

Health: -1/22      AC:  3    Str: 13    XL:     2   Next: 60%
Magic:  1/7        EV: 12    Int: 17    God:
Gold:   26         SH:  0    Dex: 16    Spells: 2/5 levels left

rFire    . . .     SeeInvis .     - Unarmed
rCold    . . .     Gourm    .   (no shield)
rNeg     . . .     Faith    .   b - +0 robe
rPois    .         Spirit   .   E - -1 helmet (curse)
rElec    .         Reflect  .   (no cloak)
rCorr    .         Harm     .   G - +0 pair of gloves
MR       .....                  (boots currently unavailable)
Stlth    +.........             (no amulet)
Regen    0.1/turn               (no ring)
MPRegen  0.1/turn               (no ring)

@: appendage (expiring)
A: talons 3, high mp 1
a: End Transformation


You were on level 3 of the Dungeon.
You were not hungry.
You had grown temporary talons.
You visited 1 branch of the dungeon, and saw 3 of its levels.

You collected 26 gold pieces.

Inventory:

Hand Weapons
 i - a +0 long sword
Missiles
 a - 46 arrows
 f - 30 bolts
 h - 11 poisoned needles
Armour
 b - a +0 robe (worn)
 E - a cursed -1 helmet (worn)
 G - a +0 pair of gloves (worn)
Scrolls
 e - a scroll of recharging {unknown}
 k - a scroll of teleportation {unknown}
 m - a scroll of remove curse {unknown}
Potions
 g - a potion of magic {unknown}
 j - a potion of might {unknown}
Books
 c - a book of Changes

   Spells                             Type                      Level
   a - Beastly Appendage              Transmutation                1
   b - Sticks to Snakes               Transmutation                2
   c - Spider Form                    Transmutation/Poison         3
   d - Ice Form                       Ice/Transmutation            4
   e - Blade Hands                    Transmutation                5
Comestibles
 d - a bread ration


   Skills:
 - Level 0.8 Fighting
 - Level 1.7 Dodging
 + Level 3.3 Unarmed Combat
 - Level 2.0 Spellcasting
 - Level 2.1 Transmutations


You had 2 spell levels left.
You knew the following spells:

 Your Spells              Type           Power        Failure   Level  Hunger
e - Beastly Appendage     Tmut           #.....       9%          1    #......
k - Sticks to Snakes      Tmut           #.......     12%         2    ###....


Dungeon Overview and Level Annotations

Branches:
Dungeon (3/15)


Innate Abilities, Weirdness & Mutations

You have an increased reservoir of magic. (+10% MP)
You have claws for feet.


Message History

The bat misses you. The bat barely misses you.
The bat hits you but does no damage. The bat misses you.
The bat hits you but does no damage.
Found a stone staircase leading down.
The bat barely misses you. The bat hits you but does no damage.
You see here a pair of gloves.
l - a pair of gloves The bat closely misses you.
The rat bites you.
* * * LOW HITPOINT WARNING * * *
You barely miss the bat. Your kick misses the bat. The bat closely misses you.
The rat bites you but does no damage.
Your talons disappear.
The bat closely misses you. The bat closely misses you.
The bat hits you but does no damage.
There is a stone staircase leading down here.
The bat hits you but does no damage. The rat barely misses you.
You climb downwards.
Found 14 arrows and a scroll labeled ECROIWU BENTA.
There is a stone staircase leading up here.
You hit the rat.
You kill the rat!
a - 49 arrows (gained 14)
m - a scroll labeled ECROIWU BENTA Wear which item? (? for menu, Esc to quit)
You start putting on your armour.
You continue putting on your pair of gloves. x4
You finish putting on your +0 pair of gloves.
Adjust (i)tems, (s)pells, or (a)bilities?
Adjust which item? (? for menu, Esc to quit)
l - a +0 pair of gloves (worn)
Adjust to which letter? (? for menu, Esc to quit)
G - a +0 pair of gloves (worn)
Found a scroll labeled ECROIWU BENTA.
An orc comes into view. It is wielding a hand axe.
A giant cockroach, an orc and an orc wizard come into view.
Casting: Beastly Appendage
Confirm with . or Enter, or press ? or * to list all spells.
Your feet morph into talons.
Casting: Beastly Appendage
Confirm with . or Enter, or press ? or * to list all spells.
You create a snake!
You now have 48 arrows.
The orc hits you but does no damage.
You hit the orc but do no damage. You hit the orc.
You claw the orc, but do no damage.
The orc is severely wounded.
The orc closely misses you.
The orc hits your adder with a hand axe.
Your adder barely misses the orc.
You hit the orc but do no damage.
The orc is severely wounded.
The orc hits you but does no damage. The orc closely misses your adder.
Your adder bites the orc but does no damage.
You hit the orc.
You kill the orc!
You hit the giant cockroach.
You kill the giant cockroach!
Things that are here:
a hand axe; a scale mail The orc wizard shouts!
Casting: Sticks to Snakes
Confirm with . or Enter, or press ? or * to list all spells.
You create a snake!
You now have 47 arrows.
The orc hits your ball python with a mace.
Your ball python dies!
Casting: Sticks to Snakes
Confirm with . or Enter, or press ? or * to list all spells.
You create a snake!
You now have 46 arrows.
Your adder bites the orc wizard.
You hit the orc wizard but do no damage.
You claw the orc wizard, but do no damage.
The orc wizard is moderately wounded.
Your transformation is almost over.
The orc wizard hits you but does no damage.
Your adder misses the orc wizard. The orc barely misses you.
Your ball python completely misses the orc wizard.
Your ball python barely misses the orc wizard.
You closely miss the orc wizard.
The orc wizard is moderately wounded.
Your adder bites the orc wizard.
The orc wizard points at you and mumbles some strange words.
You resist with significant effort.
Your ball python misses the orc wizard. x2
Your adder bites the orc wizard.
You catch the helpless orc wizard completely off-guard!
You hit the orc wizard but do no damage.
Your kick misses the orc wizard.
The orc wizard is severely wounded.
The orc completely misses you.
The orc wizard gestures at you while chanting.
The magic dart hits you!
* * * LOW HITPOINT WARNING * * *
Your ball python completely misses the orc wizard. x2
Your adder closely misses the orc wizard.
You hit the orc wizard. Your kick misses the orc wizard.
The orc wizard is almost dead.
The orc wizard hits you with a dagger.
* * * LOW HITPOINT WARNING * * *
The orc hits you with a mace!
You die... ### #### #.. ....# #........ ##.#...#.# #.?..... #..#.. #Soo#

#S@# #.##
#.# #)##
#..# #.#.#
#.##.. #.#
### ##
#.######...#


You could see an orc wizard, an orc, a friendly adder and a friendly ball
python.

Vanquished Creatures
  An ooze (D:1)
  An orc (D:3)
  3 giant cockroaches
  2 goblins (D:1)
  2 hobgoblins
  A kobold (D:1)
  A quokka (D:2)
  A bat (D:2)
  A frilled lizard (D:1)
  6 rats
19 creatures vanquished.

Notes
Turn   | Place    | Note
-------+----------+-------------------------------------------
     0 | D:1      | tidbits the Demigod Transmuter began the quest for the Orb.
     0 | D:1      | Reached XP level 1. HP: 15/15 MP: 5/5
    65 | D:1      | Reached skill level 2 in Spellcasting
    65 | D:1      | Reached skill level 2 in Transmutations
   112 | D:1      | Reached XP level 2. HP: 18/22 MP: 5/7
   118 | D:1      | Learned a level 2 spell: Sticks to Snakes
   158 | D:1      | Reached skill level 3 in Unarmed Combat
   418 | D:3      | Slain by an orc

Skill      XL: |  1  2 |
---------------+-------+-----
Spellcasting   | 2 |  2.0
Transmutations | 2 |  2.1
Unarmed Combat | 3 |  3.3
Fighting       | |  0.8
Dodging        | |  1.7

Action                   || total
-------------------------++-------
Melee: Unarmed           ||    53
       Kick              ||    14
 Cast: Beastly Appendage ||    14
       Sticks to Snakes  ||     4
 Stab: Distracted        ||     1
       Sleeping          ||     1
Armor: Robe              ||    20
Dodge: Dodged            ||    43

Table legend:
 A = Turns spent in this place as a percentage of turns spent in the entire game.
 B = Non-inter-level travel turns spent in this place as a percentage of non-inter-level travel turns spent in the entire game.
 C = Inter-level travel turns spent in this place as a percentage of turns spent in this place.
 D = Turns resting spent in this place as a percentage of non-inter-level travel turns spent in this place.
 E = Turns spent auto-exploring this place as a percentage of non-inter-level travel turns spent in this place.
 F = Non-inter-level travel turns spent in this place divided by the number of levels of this place that you've seen.
                   A       B       C       D       E      F
               +-------+-------+-------+-------+-------+----------------------
         Total | 100.0 | 100.0 |   0.0 |   0.0 |   0.0 | 131.0
       Dungeon | 100.0 | 100.0 |   0.0 |   0.0 |   0.0 | 131.0
               +-------+-------+-------+-------+-------+----------------------

Table legend:
 A = Kills in this place as a percentage of kills in entire the game.
 B = Kills by you in this place as a percentage of kills by you in the entire game.
 C = Kills by friends in this place as a percentage of kills by friends in the entire game.
 D = Other kills in this place as a percentage of other kills in the entire game.
 E = Experience gained in this place as a percentage of experience gained in the entire game.
 F = Experience gained in this place divided by the number of levels of this place that you have seen.
                   A       B       C       D       E      F
               +-------+-------+-------+-------+-------+----------------------
         Total | 100.0 | 100.0 |  -nan |  -nan | 100.0 |  11.7
       Dungeon | 100.0 | 100.0 |  -nan |  -nan | 100.0 |  11.7
               +-------+-------+-------+-------+-------+----------------------

Vault maps used:
D:1:      ncdulo_halloftheorcs, minmay_ruptured
D:2:      first_bread, uniq_natasha
